 Dungeon Crawl Stone Soup version 0.25.1-1-g288607f5aa (webtiles) character file.

Game seed: 12464379983500217315

55 H0rd4k the Insei (level 3, -1/23 HPs)
             Began as an Octopode Transmuter on July 24, 2020.
             Slain by a kobold
             ... wielding a +1 short sword of protection
              (3 damage)
             ... on level 2 of the Dungeon.
             The game lasted 00:00:56 (984 turns).

H0rd4k the Insei (Octopode Transmuter)               Turns: 984, Time: 00:00:56

Health: -1/23      AC:  1    Str:  9    XL:     3   Next: 93%
Magic:  5/6        EV: 13    Int: 16    God:
Gold:   14         SH:  0    Dex: 12    Spells: 0/6 levels left

rFire    . . .     SeeInvis .     - Unarmed
rCold    . . .     Gourm    .   (no shield)
rNeg     . . .     Faith    .   (helmet restricted)
rPois    .         Spirit   .   (no amulet)
rElec    .         Reflect  .   (no ring)
rCorr    .         Harm     .   (no ring)
MR       .....                  (no ring)
Stlth    +++.......             (no ring)
HPRegen  0.07/turn              (no ring)
MPRegen  0.10/turn              (no ring)
                                (no ring)
                                (no ring)

@: appendage
A: almost no armour, stealthy swim, amphibious, 8 rings, constrict 8, tentacle
spike 3, camouflage 1, gelatinous body 1
a: End Transformation


You were on level 2 of the Dungeon.
You were not hungry.
One of your tentacles had a temporary spike.
You visited 1 branch of the dungeon, and saw 2 of its levels.

You collected 14 gold pieces.

Inventory:

Missiles
 a - 12 arrows
Scrolls
 b - a scroll of fear {unknown}
 e - a scroll of teleportation {unknown}
 h - 2 scrolls of enchant armour {unknown}
Potions
 d - a potion of cancellation {unknown}
 f - a potion of curing {unknown}
Comestibles
 c - 3 rations


   Skills:
 + Level 1.1 Fighting
 + Level 2.5 Dodging
 + Level 1.0 Stealth
 + Level 3.9 Unarmed Combat
 * Level 2.2 Spellcasting
 * Level 2.3 Transmutations


You couldn't memorise any spells.
You knew the following spells:

 Your Spells              Type           Power        Failure   Level  Hunger
a - Beastly Appendage     Tmut           #.....       8%          1    #......
b - Sticks to Snakes      Tmut           #.......     12%         2    ###....
c - Spider Form           Tmut/Pois      #.........   36%         3    ###....

Your spell library contained the following spells:

 Spells                   Type           Power        Failure   Level  Hunger
 Ice Form                 Ice/Tmut       #.......     77%         4    #####..
 Blade Hands              Tmut           #.........   91%         5    ######.


Dungeon Overview and Level Annotations

Branches:
Dungeon (2/15)

Altars:


Innate Abilities, Weirdness & Mutations

You cannot wear most types of armour.
You are very stealthy in the water. (Stealth+)
You are amphibious.
You can wear up to eight rings at the same time.
You can use your tentacles to constrict eight enemies at once.
Your skin changes colour to match your surroundings (Stealth+).
Your rubbery body absorbs attacks. (AC +1, EV +1)
One of your tentacles bears a large vicious spike.


Message History

Your tentacle spike disappears.
The ball python bites you.
* * * LOW HITPOINT WARNING * * *
The ball python grabs you.
* * * LOW HITPOINT WARNING * * *
The ball python constricts you.
You tentacle-slap the ball python.
You kill the ball python!
Casting: Beastly Appendage (safe; 8% risk of failure)
Confirm with . or Enter, or press ? or * to list all spells.
One of your tentacles grows a vicious spike.
You tentacle-slap the kobold but do no damage.
Your grab misses the kobold.
Your tentacle spike misses the kobold.
Your squeeze misses the kobold.
The kobold is moderately wounded.
The kobold completely misses you.
You miss the kobold. Your grab misses the kobold.
The kobold is moderately wounded.
The kobold hits you with a +1 short sword of protection.
You die...

+.. ######### #.# #........
#.# #.# #@# #.# #.#
#K########### #.######.#
#.#........$# #......#.#
#.#.........# #......#.#
#.#.........# #<.....#.#
#.#....(....#
#......#.#######.#((().....#
+.........).................
#......#.#######.#.........#


You could see a kobold.

Vanquished Creatures
  Natasha (D:2)
  An ooze (D:1)
  2 dart slugs (D:1)
  2 ball pythons
  2 giant cockroaches
  3 goblins (D:1)
  A hobgoblin (D:1)
  A kobold (D:2)
  6 bats
  A frilled lizard (D:1)
  3 rats (D:1)
23 creatures vanquished.

Notes
Turn   | Place    | Note
-------+----------+-------------------------------------------
     0 | D:1      | H0rd4k the Octopode Transmuter began the quest for the Orb.
     0 | D:1      | Reached XP level 1. HP: 13/13 MP: 3/3
   237 | D:1      | Reached XP level 2. HP: 7/18 MP: 5/5
   666 | D:1      | Reached XP level 3. HP: 23/23 MP: 6/6
   903 | D:1      | Learned a level 2 spell: Sticks to Snakes
   907 | D:1      | Learned a level 3 spell: Spider Form
   926 | D:2      | Noticed Natasha
   939 | D:2      | Killed Natasha
   946 | D:2      | Reached skill level 1 in Stealth
   984 | D:2      | Slain by a kobold

Illustrated notes

Levels and vault maps discovered:
D:1:      dpeg_arrival_tiny_h, layout_basic
D:2:      layout_basic, uniq_natasha, uniq_robin

Skill      XL: |  1  2  3 |
---------------+----------+-----
Stealth        | 1 |  1.0
Fighting       | |  1.1
Dodging        | |  2.5
Unarmed Combat | |  3.9
Spellcasting   | |  2.2
Transmutations | |  2.3

Action                   || total
-------------------------++-------
Melee: Unarmed           ||    59
       Constrict         ||    19
       Tentacles         ||     5
       Punch             ||     3
       Kick              ||     3
 Cast: Beastly Appendage ||     3
 Stab: Sleeping          ||     3
Armor: Skin              ||    11
Dodge: Dodged            ||    61
